[ AOE2 MATCH · #483585605 ]
UnrankedPersians vs Persians
[ REPLAY ANALYSIS · EXTRACTED FROM THE RECORDED GAME ]
Feudal
9:18
Castle
20:41
Imperial
33:22
| APM avg | 27.2 |
| APM peak | 73 |
| eAPM avg | 14.0 |
| Villagers / military | 136 / 61 |
Focus
⚔️ 22.2% · 🌾 77.8%
Cavalry Archer ×33 · Camel Scout ×19 · Scout Cavalry ×6 · Fishing Ship ×4 · Trebuchet (Packed) ×3
Feudal
10:30
Castle
21:16
Imperial
—
| APM avg | 26.3 |
| APM peak | 56 |
| eAPM avg | 11.7 |
| Villagers / military | 96 / 65 |
Focus
⚔️ 24.9% · 🌾 75.1%
Knight ×29 · Camel Scout ×27 · Spearman ×8 · Fishing Ship ×3 · Fire Galley ×1 · Unknown (2626) ×1
Feudal
9:23
Castle
17:40
Imperial
31:38
| APM avg | 42.4 |
| APM peak | 79 |
| eAPM avg | 20.7 |
| Villagers / military | 65 / 86 |
Focus
⚔️ 13.8% · 🌾 86.2%
Scout Cavalry ×42 · Ballista Elephant ×35 · Fishing Ship ×12 · Fire Galley ×4 · Trebuchet (Packed) ×4 · Unknown (2626) ×2
Feudal
9:49
Castle
21:21
Imperial
—
| APM avg | 27.7 |
| APM peak | 100 |
| eAPM avg | 10.8 |
| Villagers / military | 72 / 82 |
Focus
⚔️ 25.9% · 🌾 74.1%
Eagle Scout ×51 · Skirmisher ×20 · Spearman ×10 · Unknown (2626) ×2 · Fire Galley ×1 · Fishing Ship ×1
Match map
Initial resources + every placement click. Lines = walls · curves = elevation contours. ◆ gold · ⬟ stone · ● berries · ✦ relic · ◌ wall gap
Your base· Open — 5t gap
Spantouf's base· Open — unwalled flank
Heinssen's base· Open — unwalled flank
DKp's base· Open — 8t gap
Smoothed initial terrain · ◌ = detected wall gap · hover for details
Inputs per minute
— GuigoS9 - - Spantouf
Build order — GuigoS9
First 150 of 263 actions detected
| 0:03 | Build | House |
| 0:06 | Build | House |
| 0:13 | Create | Villager (Male) |
| 0:13 | Create | Villager (Male) |
| 0:13 | Create | Villager (Male) |
| 0:13 | Create | Villager (Male) |
| 0:13 | Create | Villager (Male) |
| 0:53 | Build | Lumber Camp |
| 1:24 | Create | Villager (Male) |
| 2:23 | Create | Villager (Male) |
| 2:25 | Create | Villager (Male) |
| 2:31 | Build | Mill |
| 3:02 | Create | Villager (Male) |
| 3:29 | Create | Villager (Male) |
| 3:33 | Build | House |
| 3:42 | Build | Palisade Wall |
| 3:45 | Build | Palisade Wall |
| 3:48 | Build | Palisade Wall |
| 4:36 | Create | Villager (Male) |
| 4:36 | Create | Villager (Male) |
| 4:36 | Create | Villager (Male) |
| 4:37 | Create | Villager (Male) |
| 4:37 | Create | Villager (Male) |
| 5:32 | Build | Mill |
| 5:51 | Build | House |
| 5:53 | Build | House |
| 5:55 | Build | Palisade Wall |
| 6:12 | Create | Villager (Male) |
| 6:36 | Research | Loom |
| 7:14 | Research | Feudal Age |
| 7:22 | Build | Lumber Camp |
| 7:44 | Build | Palisade Wall |
| 7:47 | Build | Palisade Wall |
| 8:17 | Build | Barracks |
| 9:02 | Create | Villager (Male) |
| 9:03 | Create | Villager (Male) |
| 9:04 | Create | Villager (Male) |
| 9:04 | Create | Villager (Male) |
| 9:18 | Age | Feudal Age |
| 9:23 | Build | Stable |
| 9:48 | Research | Double-Bit Axe |
| 10:18 | Build | Palisade Wall |
| 10:20 | Build | Palisade Wall |
| 10:25 | Build | Palisade Wall |
| 10:31 | Create | Scout Cavalry |
| 10:32 | Create | Scout Cavalry |
| 10:32 | Create | Scout Cavalry |
| 10:34 | Create | Scout Cavalry |
| 10:39 | Create | Villager (Male) |
| 10:49 | Build | Palisade Wall |
| 10:54 | Build | Blacksmith |
| 11:06 | Create | Villager (Male) |
| 11:08 | Create | Villager (Male) |
| 11:14 | Build | House |
| 11:15 | Build | House |
| 11:20 | Build | House |
| 11:53 | Research | Forging |
| 11:54 | Create | Villager (Male) |
| 12:01 | Build | Farm |
| 12:12 | Create | Scout Cavalry |
| 12:13 | Create | Villager (Male) |
| 12:21 | Build | House |
| 12:25 | Build | Farm |
| 12:26 | Build | Farm |
| 12:26 | Build | Farm |
| 12:26 | Build | Farm |
| 12:35 | Build | Farm |
| 12:36 | Create | Villager (Male) |
| 12:37 | Create | Villager (Male) |
| 12:40 | Create | Scout Cavalry |
| 13:24 | Create | Villager (Male) |
| 13:32 | Build | Dock |
| 13:54 | Create | Villager (Male) |
| 14:30 | Create | Villager (Male) |
| 14:31 | Create | Villager (Male) |
| 14:44 | Build | Farm |
| 14:44 | Build | Farm |
| 14:46 | Build | Farm |
| 14:47 | Build | Farm |
| 14:51 | Build | Farm |
| 14:51 | Build | Farm |
| 14:51 | Build | Farm |
| 15:34 | Create | Villager (Male) |
| 15:34 | Create | Villager (Male) |
| 15:34 | Create | Villager (Male) |
| 15:35 | Create | Villager (Male) |
| 15:38 | Build | Farm |
| 15:38 | Build | Farm |
| 15:39 | Build | Farm |
| 15:39 | Build | Farm |
| 15:41 | Build | Farm |
| 15:43 | Build | Farm |
| 15:49 | Build | Mining Camp |
| 15:59 | Research | Horse Collar |
| 16:58 | Create | Villager (Male) |
| 17:24 | Create | Fishing Ship |
| 17:25 | Create | Fishing Ship |
| 17:25 | Create | Fishing Ship |
| 17:25 | Create | Fishing Ship |
| 17:32 | Create | Villager (Male) |
| 17:42 | Build | Farm |
| 17:43 | Build | Farm |
| 17:43 | Build | Farm |
| 17:44 | Build | Farm |
| 17:44 | Build | Farm |
| 17:44 | Build | Farm |
| 18:15 | Research | Castle Age |
| 18:44 | Build | House |
| 18:45 | Build | House |
| 18:46 | Build | House |
| 18:48 | Build | House |
| 18:53 | Build | House |
| 19:41 | Create | Villager (Male) |
| 19:41 | Create | Villager (Male) |
| 19:41 | Create | Villager (Male) |
| 19:42 | Create | Villager (Male) |
| 19:48 | Research | Gold Mining |
| 19:50 | Research | Stone Mining |
| 20:41 | Age | Castle Age |
| 20:42 | Build | Town Center |
| 20:46 | Research | Scale Barding Armor |
| 20:47 | Research | Fletching |
| 20:49 | Create | Villager (Male) |
| 20:50 | Create | Villager (Male) |
| 20:50 | Create | Villager (Male) |
| 21:04 | Research | Bow Saw |
| 21:08 | Research | Heavy Plow |
| 21:33 | Build | Archery Range |
| 22:02 | Build | Mining Camp |
| 22:06 | Create | Villager (Male) |
| 22:06 | Create | Villager (Male) |
| 22:07 | Create | Villager (Male) |
| 22:07 | Create | Villager (Male) |
| 22:07 | Create | Villager (Male) |
| 22:15 | Research | Bodkin Arrow |
| 22:15 | Research | Chain Barding Armor |
| 22:29 | Create | Villager (Male) |
| 22:56 | Create | Cavalry Archer ×2 |
| 23:28 | Research | Gold Shaft Mining |
| 23:38 | Create | Villager (Male) ×5 |
| 23:38 | Create | Villager (Male) ×5 |
| 23:40 | Create | Villager (Male) ×5 |
| 23:58 | Create | Camel Scout |
| 23:58 | Create | Camel Scout |
| 24:17 | Create | Cavalry Archer |
| 24:41 | Create | Villager (Male) |
| 24:41 | Create | Villager (Male) |
| 24:47 | Build | Archery Range |
| 24:49 | Build | Archery Range |
| 25:51 | Create | Cavalry Archer ×5 |
Build order — Spantouf
First 150 of 261 actions detected
| 0:02 | Build | House |
| 0:05 | Build | House |
| 0:07 | Build | House |
| 0:08 | Create | Villager (Male) |
| 0:08 | Create | Villager (Male) |
| 0:09 | Create | Villager (Male) |
| 0:12 | Research | Loom |
| 0:13 | Create | Villager (Male) |
| 0:29 | Create | Villager (Male) |
| 1:02 | Create | Villager (Male) |
| 1:36 | Build | Lumber Camp |
| 1:39 | Create | Villager (Male) |
| 1:40 | Create | Villager (Male) |
| 1:54 | Create | Villager (Male) |
| 2:22 | Build | House |
| 2:26 | Create | Villager (Male) |
| 3:49 | Create | Villager (Male) |
| 3:49 | Create | Villager (Male) |
| 3:50 | Create | Villager (Male) |
| 4:27 | Build | Mill |
| 4:29 | Create | Villager (Male) |
| 5:22 | Create | Villager (Male) |
| 5:56 | Create | Villager (Male) |
| 5:58 | Create | Villager (Male) |
| 6:28 | Build | Lumber Camp |
| 6:29 | Create | Villager (Male) |
| 6:29 | Create | Villager (Male) |
| 7:08 | Create | Villager (Male) |
| 7:32 | Build | House |
| 7:42 | Create | Villager (Male) |
| 8:16 | Build | Dock |
| 8:26 | Research | Feudal Age |
| 8:52 | Create | Villager (Male) |
| 9:06 | Create | Fishing Ship |
| 9:29 | Create | Villager (Male) |
| 9:47 | Build | Barracks |
| 9:58 | Create | Fishing Ship |
| 9:59 | Create | Fishing Ship |
| 10:18 | Create | Villager (Male) |
| 10:30 | Age | Feudal Age |
| 10:36 | Build | Stable |
| 10:42 | Create | Fire Galley |
| 10:51 | Create | Villager (Male) |
| 11:01 | Create | Unit 2626 |
| 11:25 | Build | Mining Camp |
| 11:44 | Build | House |
| 11:51 | Research | Wheelbarrow |
| 11:52 | Create | Villager (Male) |
| 11:52 | Create | Villager (Male) |
| 12:19 | Build | Mining Camp |
| 12:27 | Build | Farm |
| 12:28 | Build | Farm |
| 12:29 | Build | Farm |
| 13:04 | Build | Farm |
| 13:18 | Create | Spearman |
| 13:18 | Create | Spearman |
| 13:42 | Build | Farm |
| 14:55 | Create | Villager (Male) |
| 14:55 | Create | Villager (Male) |
| 14:55 | Create | Villager (Male) |
| 14:56 | Create | Villager (Male) |
| 14:56 | Create | Villager (Male) |
| 15:55 | Create | Spearman |
| 15:56 | Create | Spearman |
| 16:03 | Build | Market |
| 16:21 | Build | House |
| 17:18 | Build | Farm |
| 17:22 | Build | House |
| 17:23 | Build | House |
| 17:24 | Create | Villager (Male) |
| 17:25 | Create | Villager (Male) |
| 17:25 | Create | Villager (Male) |
| 17:31 | Create | Spearman |
| 17:31 | Create | Spearman |
| 17:53 | Build | Farm |
| 17:54 | Build | Farm |
| 17:55 | Build | Farm |
| 17:56 | Build | Farm |
| 17:59 | Build | Farm |
| 18:30 | Build | House |
| 18:31 | Build | House |
| 18:31 | Build | House |
| 18:46 | Create | Villager (Male) |
| 18:47 | Create | Villager (Male) |
| 18:47 | Create | Villager (Male) |
| 18:50 | Research | Castle Age |
| 18:51 | Create | Villager (Male) |
| 18:51 | Create | Villager (Male) |
| 18:51 | Create | Villager (Male) |
| 19:11 | Create | Villager (Male) |
| 19:40 | Build | Farm |
| 19:48 | Build | Farm |
| 19:56 | Build | House |
| 20:02 | Build | Palisade Wall |
| 20:05 | Create | Villager (Male) |
| 20:23 | Build | Blacksmith |
| 20:31 | Create | Villager (Male) |
| 20:59 | Research | Horse Collar |
| 21:03 | Research | Double-Bit Axe |
| 21:13 | Build | Palisade Wall |
| 21:16 | Age | Castle Age |
| 21:21 | Research | Bloodlines |
| 21:22 | Create | Knight |
| 21:28 | Build | Farm |
| 21:43 | Create | Villager (Male) |
| 21:43 | Create | Villager (Male) |
| 22:00 | Create | Knight |
| 22:20 | Create | Villager (Male) |
| 22:56 | Create | Knight |
| 22:56 | Create | Knight |
| 22:59 | Create | Spearman |
| 22:59 | Create | Spearman |
| 23:09 | Create | Villager (Male) |
| 23:35 | Create | Villager (Male) |
| 24:40 | Create | Villager (Male) |
| 24:40 | Create | Villager (Male) |
| 26:02 | Create | Villager (Male) |
| 26:02 | Create | Villager (Male) |
| 26:03 | Create | Villager (Male) |
| 26:03 | Create | Villager (Male) |
| 26:03 | Create | Villager (Male) |
| 26:04 | Create | Villager (Male) |
| 26:04 | Create | Villager (Male) |
| 26:07 | Create | Knight |
| 26:08 | Create | Knight |
| 26:08 | Create | Knight |
| 26:08 | Create | Knight |
| 26:25 | Create | Villager (Male) |
| 26:36 | Build | Farm |
| 26:36 | Build | Farm |
| 26:37 | Build | Farm |
| 26:37 | Build | Farm |
| 26:37 | Build | Farm |
| 26:38 | Build | Farm |
| 27:05 | Build | Farm |
| 27:07 | Create | Villager (Male) |
| 27:28 | Build | Farm |
| 27:32 | Research | Pikeman (upgrade) |
| 27:54 | Build | Farm |
| 27:59 | Research | Scale Barding Armor |
| 28:02 | Build | Farm |
| 28:04 | Create | Villager (Male) |
| 28:24 | Build | Farm |
| 28:26 | Create | Villager (Male) |
| 28:35 | Build | Town Center |
| 28:37 | Create | Villager (Male) |
| 29:40 | Build | Farm |
| 29:41 | Build | Farm |
| 29:42 | Build | Farm |
| 29:43 | Build | Farm |
Build order — Heinssen
First 150 of 236 actions detected
| 0:02 | Build | House |
| 0:04 | Build | House |
| 0:06 | Create | Villager (Male) ×4 |
| 0:53 | Build | Lumber Camp |
| 1:20 | Create | Villager (Male) |
| 2:06 | Create | Villager (Male) |
| 2:07 | Create | Villager (Male) |
| 2:07 | Create | Villager (Male) |
| 3:13 | Build | House |
| 3:48 | Create | Villager (Male) |
| 3:49 | Create | Villager (Male) |
| 3:49 | Create | Villager (Male) |
| 4:24 | Build | Mill |
| 4:49 | Create | Villager (Male) |
| 4:55 | Build | Dock |
| 5:17 | Build | House |
| 5:29 | Create | Villager (Male) |
| 5:56 | Create | Villager (Male) |
| 5:58 | Create | Fishing Ship |
| 6:15 | Create | Villager (Male) |
| 6:22 | Create | Fishing Ship |
| 7:05 | Build | Mining Camp |
| 7:13 | Research | Feudal Age |
| 7:35 | Create | Fishing Ship |
| 8:05 | Create | Villager (Male) |
| 8:05 | Create | Villager (Male) |
| 8:19 | Build | House |
| 8:21 | Build | House |
| 9:23 | Age | Feudal Age |
| 9:23 | Create | Fire Galley |
| 9:23 | Create | Fire Galley |
| 9:23 | Create | Fire Galley |
| 9:48 | Build | Dock |
| 9:59 | Create | Villager (Male) |
| 10:28 | Create | Unit 2626 |
| 10:52 | Create | Villager (Male) |
| 11:02 | Research | Double-Bit Axe |
| 11:04 | Create | Villager (Male) |
| 11:12 | Create | Unit 2626 |
| 11:13 | Create | Fire Galley |
| 11:51 | Create | Fishing Ship |
| 11:52 | Create | Fishing Ship |
| 11:55 | Create | Villager (Male) |
| 11:55 | Create | Villager (Male) |
| 11:56 | Create | Villager (Male) |
| 12:01 | Build | Farm |
| 12:02 | Build | Farm |
| 12:03 | Build | Farm |
| 12:42 | Build | Farm |
| 12:44 | Build | House |
| 12:45 | Build | House |
| 12:46 | Build | House |
| 13:07 | Create | Demolition Raft |
| 13:10 | Create | Fishing Ship |
| 13:10 | Create | Fishing Ship |
| 13:15 | Create | Fishing Ship |
| 13:38 | Build | Farm |
| 14:10 | Build | Market |
| 14:20 | Build | Palisade Wall |
| 14:57 | Build | Blacksmith |
| 15:00 | Research | Castle Age |
| 15:07 | Build | Mining Camp |
| 15:12 | Create | Villager (Male) |
| 15:12 | Create | Villager (Male) |
| 15:51 | Create | Fishing Ship |
| 15:52 | Create | Fishing Ship |
| 15:52 | Create | Fishing Ship |
| 16:07 | Build | House |
| 16:13 | Build | Palisade Wall |
| 16:16 | Build | Palisade Gate |
| 16:30 | Build | House |
| 16:36 | Build | Palisade Wall |
| 16:38 | Build | Palisade Wall |
| 17:12 | Build | Stable |
| 17:18 | Research | Forging |
| 17:19 | Research | Scale Barding Armor |
| 17:19 | Research | Scale Barding Armor |
| 17:24 | Research | Fletching |
| 17:25 | Research | Padded Archer Armor |
| 17:29 | Research | Wheelbarrow |
| 17:29 | Research | Wheelbarrow |
| 17:30 | Research | Loom |
| 17:40 | Age | Castle Age |
| 18:03 | Build | Town Center |
| 18:53 | Research | Horse Collar |
| 19:05 | Create | Villager (Male) |
| 19:05 | Create | Villager (Male) |
| 19:23 | Research | Tech 906 |
| 19:32 | Build | Farm |
| 19:34 | Create | Villager (Male) |
| 19:35 | Create | Villager (Male) |
| 19:43 | Create | Villager (Male) |
| 19:44 | Create | Villager (Male) |
| 19:55 | Research | Bloodlines |
| 20:04 | Create | Villager (Male) |
| 20:13 | Create | Villager (Male) |
| 20:24 | Build | Farm |
| 20:27 | Build | Farm |
| 20:29 | Research | Heavy Plow |
| 20:37 | Build | Farm |
| 20:40 | Create | Villager (Male) |
| 21:14 | Build | Farm |
| 21:15 | Build | Farm |
| 21:17 | Create | Villager (Male) |
| 21:20 | Create | Villager (Male) |
| 21:37 | Build | Castle |
| 21:43 | Create | Villager (Male) |
| 21:44 | Create | Villager (Male) |
| 21:46 | Create | Villager (Male) |
| 21:54 | Build | Lumber Camp |
| 21:55 | Create | Villager (Male) |
| 22:00 | Build | Farm |
| 22:03 | Research | Light Cavalry (upgrade) |
| 22:15 | Research | Iron Casting |
| 22:19 | Build | Farm |
| 22:20 | Create | Villager (Male) |
| 22:41 | Build | Stable |
| 22:48 | Build | Farm |
| 23:05 | Create | Villager (Male) |
| 23:06 | Create | Villager (Male) |
| 23:07 | Create | Villager (Male) |
| 23:07 | Create | Villager (Male) |
| 23:11 | Build | Farm |
| 23:21 | Build | Farm |
| 23:25 | Build | Lumber Camp |
| 23:36 | Create | Ballista Elephant |
| 23:36 | Create | Ballista Elephant |
| 23:42 | Build | Farm |
| 23:45 | Create | Villager (Male) |
| 23:49 | Build | Farm |
| 23:49 | Create | Villager (Male) |
| 24:01 | Research | Leather Archer Armor |
| 24:07 | Build | Farm |
| 24:09 | Create | Villager (Male) |
| 24:15 | Create | Fishing Ship |
| 24:28 | Research | Gillnets |
| 24:28 | Research | Gillnets |
| 24:33 | Create | Ballista Elephant |
| 24:38 | Build | Farm |
| 24:39 | Build | Farm |
| 24:40 | Create | Villager (Male) |
| 24:40 | Create | Villager (Male) |
| 24:44 | Create | Villager (Male) |
| 25:05 | Build | Farm |
| 25:10 | Create | Ballista Elephant |
| 25:13 | Build | Farm |
| 25:15 | Create | Ballista Elephant |
| 25:22 | Build | Farm |
| 25:24 | Create | Villager (Male) |
| 25:25 | Create | Villager (Male) |
Build order — DKp
First 150 of 194 actions detected
| 0:01 | Research | Loom |
| 0:02 | Build | House |
| 0:04 | Build | House |
| 0:07 | Build | House |
| 0:09 | Create | Villager (Male) |
| 0:09 | Create | Villager (Male) |
| 0:22 | Create | Villager (Male) |
| 1:28 | Create | Villager (Male) |
| 1:46 | Build | Lumber Camp |
| 2:08 | Create | Villager (Male) |
| 2:20 | Create | Villager (Male) |
| 2:50 | Create | Villager (Male) |
| 3:07 | Create | Villager (Male) |
| 3:46 | Create | Villager (Male) |
| 3:54 | Build | Mill |
| 4:04 | Create | Villager (Male) |
| 4:18 | Create | Villager (Male) |
| 4:30 | Build | House |
| 4:56 | Create | Villager (Male) |
| 5:25 | Create | Villager (Male) |
| 5:54 | Create | Villager (Male) |
| 6:14 | Create | Villager (Male) |
| 6:44 | Create | Villager (Male) |
| 6:56 | Build | House |
| 7:12 | Create | Villager (Male) |
| 7:39 | Research | Feudal Age |
| 8:23 | Create | Villager (Male) |
| 8:50 | Build | Lumber Camp |
| 9:03 | Build | Dock |
| 9:46 | Create | Fishing Ship |
| 9:49 | Age | Feudal Age |
| 9:55 | Create | Villager (Male) |
| 10:00 | Create | Fire Galley |
| 10:10 | Build | Mining Camp |
| 10:18 | Build | Farm |
| 10:19 | Create | Villager (Male) |
| 11:14 | Build | Farm |
| 11:17 | Build | Farm |
| 11:47 | Create | Unit 2626 |
| 11:50 | Build | Farm |
| 11:51 | Create | Villager (Male) |
| 11:52 | Create | Villager (Male) |
| 11:52 | Create | Villager (Male) |
| 11:52 | Create | Villager (Male) |
| 12:07 | Create | Villager (Male) |
| 12:11 | Research | Double-Bit Axe |
| 12:14 | Research | Horse Collar |
| 12:21 | Build | Farm |
| 12:23 | Create | Villager (Male) |
| 12:35 | Create | Unit 2626 |
| 12:42 | Build | House |
| 12:45 | Build | Farm |
| 13:08 | Research | Wheelbarrow |
| 13:11 | Build | Farm |
| 13:47 | Build | Farm |
| 13:48 | Build | Farm |
| 13:49 | Build | Farm |
| 14:27 | Build | Barracks |
| 14:33 | Build | Farm |
| 14:58 | Create | Villager (Male) |
| 14:58 | Create | Villager (Male) |
| 15:08 | Build | House |
| 15:27 | Create | Eagle Scout |
| 15:51 | Build | House |
| 15:53 | Create | Villager (Male) |
| 15:53 | Create | Villager (Male) |
| 16:08 | Build | House |
| 16:12 | Build | House |
| 16:16 | Build | Blacksmith |
| 16:28 | Create | Villager (Male) |
| 16:34 | Build | Farm |
| 16:42 | Build | Palisade Wall |
| 17:06 | Build | House |
| 17:09 | Build | Palisade Wall |
| 17:16 | Build | Palisade Wall |
| 17:19 | Create | Villager (Male) |
| 17:31 | Build | Market |
| 17:34 | Build | Farm |
| 17:36 | Build | Farm |
| 17:40 | Create | Villager (Male) |
| 18:03 | Build | Mining Camp |
| 18:16 | Build | Farm |
| 18:18 | Build | Farm |
| 18:41 | Research | Castle Age |
| 18:45 | Build | Farm |
| 18:46 | Create | Villager (Male) |
| 18:59 | Research | Gold Mining |
| 19:01 | Research | Stone Mining |
| 19:05 | Create | Villager (Male) |
| 19:17 | Build | House |
| 19:19 | Build | House |
| 19:20 | Build | House |
| 19:21 | Build | House |
| 19:22 | Build | House |
| 19:48 | Research | Forging |
| 19:49 | Research | Scale Mail Armor |
| 20:01 | Build | Barracks |
| 20:07 | Create | Villager (Male) |
| 20:25 | Create | Eagle Scout ×4 |
| 21:13 | Create | Villager (Male) |
| 21:21 | Age | Castle Age |
| 21:23 | Create | Villager (Male) |
| 21:35 | Research | Town Watch |
| 21:40 | Research | Bow Saw |
| 21:41 | Research | Heavy Plow |
| 21:48 | Build | Outpost |
| 21:54 | Build | Outpost |
| 22:05 | Build | Farm |
| 22:09 | Research | Pikeman (upgrade) |
| 22:10 | Research | Squires |
| 22:13 | Create | Eagle Scout ×3 |
| 22:44 | Build | Farm |
| 22:46 | Create | Villager (Male) |
| 22:46 | Create | Villager (Male) |
| 23:06 | Build | Farm |
| 23:26 | Research | Eagle Warrior (upgrade) |
| 23:28 | Research | Arson |
| 23:34 | Create | Villager (Male) |
| 23:35 | Create | Villager (Male) |
| 23:39 | Build | Farm |
| 23:54 | Build | Town Center |
| 23:57 | Create | Villager (Male) |
| 24:08 | Create | Eagle Scout ×3 |
| 24:44 | Research | Iron Casting |
| 25:15 | Create | Villager (Male) |
| 25:16 | Create | Villager (Male) |
| 25:39 | Build | Castle |
| 26:13 | Create | Villager (Male) |
| 26:14 | Create | Villager (Male) |
| 26:14 | Create | Villager (Male) |
| 26:14 | Create | Villager (Male) |
| 26:15 | Create | Villager (Male) |
| 26:15 | Create | Villager (Male) |
| 26:19 | Create | Villager (Male) |
| 26:19 | Create | Villager (Male) |
| 26:22 | Research | Chain Mail Armor |
| 27:06 | Create | Villager (Male) |
| 27:07 | Create | Villager (Male) |
| 27:07 | Create | Villager (Male) |
| 27:07 | Create | Villager (Male) |
| 27:07 | Create | Villager (Male) |
| 27:48 | Create | Spearman ×5 |
| 27:49 | Create | Spearman ×5 |
| 27:52 | Build | Mining Camp |
| 28:43 | Create | Villager (Male) |
| 28:45 | Create | Villager (Male) |
| 28:45 | Create | Villager (Male) |
| 28:45 | Create | Villager (Male) |
| 29:14 | Create | Eagle Scout ×5 |
| 29:15 | Create | Eagle Scout ×5 |
Match timeline
| 3:42 | GuigoS9 · wall_segment Palisade Wall x1 |
| 3:45 | GuigoS9 · wall_segment Palisade Wall x8 |
| 3:48 | GuigoS9 · wall_segment Palisade Wall x9 |
| 4:55 | Heinssen · first_building Dock |
| 5:55 | GuigoS9 · wall_segment Palisade Wall x1 |
| 7:44 | GuigoS9 · wall_segment Palisade Wall x1 |
| 7:47 | GuigoS9 · wall_segment Palisade Wall x5 |
| 8:16 | Spantouf · first_building Dock |
| 8:17 | GuigoS9 · first_building Barracks |
| 9:03 | DKp · first_building Dock |
| 9:18 | GuigoS9 · age_up feudal |
| 9:23 | Heinssen · age_up feudal |
| 9:23 | GuigoS9 · first_building Stable |
| 9:47 | Spantouf · first_building Barracks |
| 9:49 | DKp · age_up feudal |
| 10:18 | GuigoS9 · wall_segment Palisade Wall x1 |
| 10:20 | GuigoS9 · wall_segment Palisade Wall x9 |
| 10:25 | GuigoS9 · wall_segment Palisade Wall x11 |
| 10:30 | Spantouf · age_up feudal |
| 10:36 | Spantouf · first_building Stable |
| 10:49 | GuigoS9 · wall_segment Palisade Wall x1 |
| 13:32 | GuigoS9 · first_building Dock |
| 14:20 | Heinssen · wall_segment Palisade Wall x10 |
| 14:27 | DKp · first_building Barracks |
| 16:13 | Heinssen · wall_segment Palisade Wall x25 |
| 16:36 | Heinssen · wall_segment Palisade Wall x17 |
| 16:38 | Heinssen · wall_segment Palisade Wall x8 |
| 16:42 | DKp · wall_segment Palisade Wall x6 |
| 17:09 | DKp · wall_segment Palisade Wall x1 |
| 17:12 | Heinssen · first_building Stable |
| 17:16 | DKp · wall_segment Palisade Wall x9 |
| 17:40 | Heinssen · age_up castle |
| 17:56 | Heinssen · first_market_buy 100 wood |
| 18:06 | Spantouf · first_market_buy 100 food |
| 20:02 | Spantouf · wall_segment Palisade Wall x8 |
| 20:41 | GuigoS9 · age_up castle |
| 21:13 | Spantouf · wall_segment Palisade Wall x4 |
| 21:16 | Spantouf · age_up castle |
| 21:21 | DKp · age_up castle |
| 21:33 | GuigoS9 · first_building Archery Range |
| 21:37 | Heinssen · first_building Castle |
| 25:39 | DKp · first_building Castle |
| 27:48 | Heinssen · first_market_sell 100 wood |
| 28:53 | GuigoS9 · first_building Castle |
| 29:23 | DKp · first_building Archery Range |
| 29:50 | DKp · wall_segment Palisade Wall x1 |
| 30:59 | DKp · wall_segment Stone Wall x7 |
| 31:38 | Heinssen · age_up imperial |
| 32:11 | Spantouf · first_building Siege Workshop |
| 33:22 | GuigoS9 · age_up imperial |
| 36:53 | GuigoS9 · first_market_sell 100 food |
| 36:55 | GuigoS9 · first_market_buy 100 wood |
| 38:04 | Spantouf · first_building Castle |
| 41:01 | Spantouf · resign |
[ AI ANALYSIS · 1 CREDIT ]
What really happened in this match?
Wolo.gg analyzes every decision: build order, eco, micro, common mistakes by bracket. Personalized analysis on WhatsApp or Discord in 30 seconds.
Civ guide
Persians
Perfil
Jugador #10353231